 Dungeon Crawl Stone Soup version 0.31-a0-692-gf03d1854d5 (webtiles) character file.

Game seed: 12995415425637000334

157 qw the Shooter (level 5, 0/32 HPs)
             Began as a Gargoyle Hunter on Sept 6, 2023.
             Slain by Ijyb
             ... wielding a +6 club
              (5 damage)
             ... on level 3 of the Dungeon.
             The game lasted 00:00:46 (1833 turns).

qw the Shooter (Gargoyle Hunter)                    Turns: 1833, Time: 00:00:46

Health: 0/32       AC: 13    Str: 15    XL:     5   Next: 38%
Magic:  5/5        EV: 16    Int:  9    God:
Gold:   206        SH:  0    Dex: 15    Spells: 4/4 levels left

rFire   . . .        Y - +1 shortbow
rCold   . . .        (shield currently unavailable)
rNeg    + . .        l - +0 ring mail
rPois   inf          (no helmet)
rElec   +            (no cloak)
rCorr   .            (no gloves)
SInv    .            (no boots)
Will    .....        (no amulet) Stlth
                     a - +4 ring of protection
HPRegen 0.25/turn    k - +5 ring of evasion
MPRegen 0.09/turn

%: no passive effects
@: confused
A: sickness immunity, AC +4, negative energy resistance 1, electricity
resistance, torment resistance 1, petrification resistance
a: no special abilities


You were on level 3 of the Dungeon.
You visited 1 branch of the dungeon, and saw 3 of its levels.

You collected 206 gold pieces.


Innate Abilities, Weirdness & Mutations

You are immune to sickness and miasma.
Your stone body is resilient. (AC +4)
You are immune to poison.
You resist negative energy. (rN+)
You are resistant to electric shocks. (rElec)
You are resistant to unholy torment.
You are immune to petrification.


   Skills:
 - Level 3.1 Fighting
 + Level 5.8 Ranged Weapons
 - Level 1.6 Armour
 - Level 1.5 Dodging
 - Level 1.1 Stealth


You had 4 spell levels left.
You didn't know any spells.
Your spell library was empty.

Inventory:

Hand Weapons
 Y - a +1 shortbow (weapon)
Armour
 l - a +0 ring mail (worn)
Jewellery
 a - a +4 ring of protection (left hand)
 k - a +5 ring of evasion (right hand)
Scrolls
 c - a scroll of revelation {unknown}
Potions
 b - a potion of might {unknown}
 d - a potion of enlightenment {unknown}
 e - a potion of curing {unknown}
 i - a potion of brilliance {unknown}
 j - a potion of ambrosia {unknown}

Dungeon Overview and Level Annotations

Branches:
Dungeon (3/15)

Altars:

Annotations:
D:3 Ijyb


Message History

Ijyb hits you but does no damage. Ijyb barely misses you.
You shoot an arrow. The arrow hits Ijyb but does no damage.
Ijyb is moderately wounded.
Ijyb zaps a wand.
Your will is overpowered!
You are confused.
Ijyb hits you but does no damage. Ijyb closely misses you.
Ijyb zaps a wand.
Your will is overpowered!
You are more confused.
Ijyb zaps a wand.
You resist with some effort. Ijyb barely misses you.
Ijyb hits you but does no damage. Ijyb hits you but does no damage.
Ijyb misses you. Ijyb hits you with a +6 club. Ijyb screams, "Me kill you!"
Ijyb zaps a wand.
Your will is overpowered!
You are more confused.
Ijyb hits you with a +6 club. Ijyb barely misses you.
Ijyb hits you with a +6 club. Ijyb hits you but does no damage.
Ijyb zaps a wand.
You resist with some effort. Ijyb barely misses you. Ijyb misses you.
Ijyb misses you.
You feel less confused. Ijyb closely misses you.
You shoot an arrow. The arrow barely misses Ijyb.
Ijyb zaps a wand.
You resist with some effort.
You shoot an arrow. The arrow barely misses Ijyb.
Ijyb zaps a wand.
Your will is overpowered!
You are confused.
Ijyb closely misses you.
Ijyb zaps a wand.
Your will is overpowered!
You are more confused.
Ijyb hits you but does no damage. Ijyb barely misses you.
Ijyb hits you with a +6 club.
You die...

..###..........#
.......>.......#
...##..........#
...##..........#
..<##..........#
...##..........#
...##.)........#
..###..........####
..))............@.#
)...###.#########g#
#...# #.# .# #...#
#.# .# +.......< .#
#...###+# .# #####
.# .#


You could see Ijyb.

Vanquished Creatures
  2 orc priests (D:2)
  Terence (D:3)
  2 adders (D:3)
  A worm (D:2)
  A dart slug (D:3)
  7 orcs
  4 endoplasms
  4 giant cockroaches
  2 hobgoblins
  2 jackals (D:1)
  3 quokkas
  2 ball pythons
  6 bats
  3 goblins
  3 kobolds
  5 rats
48 creatures vanquished.

Notes
Turn   | Place    | Note
-------+----------+-------------------------------------------
     0 | D:1      | qw the Gargoyle Hunter began the quest for the Orb.
     0 | D:1      | Reached XP level 1. HP: 12/12 MP: 1/1
     0 | D:1      | 0 ||| qw: Version: 0.3-a-76-g4403597
     0 | D:1      | 0 ||| qw: Game counter: 346
     0 | D:1      | 0 ||| qw: Melee chars always use a shield: true
     0 | D:1      | 0 ||| qw: God list: Okawaru
     0 | D:1      | 0 ||| qw: Allow faded altars: false
     0 | D:1      | 0 ||| qw: Do Orc after clearing Dungeon:15 true
     0 | D:1      | 0 ||| qw: Do second Lair branch before Depths: true
     0 | D:1      | 0 ||| qw: Lair rune preference: random
     0 | D:1      | 0 ||| qw: Goals: Normal
     0 | D:1      | 0 ||| PLANNING D:1-11
   340 | D:1      | Reached XP level 2. HP: 17/17 MP: 2/2
   340 | D:1      | Found a faded altar of an unknown god.
   775 | D:1      | 775 ||| DROPPING scroll of butterflies.
  1031 | D:2      | HP: 4/17 [orc/+0 mace (7)]
  1031 | D:2      | HP: 1/17 [orc/+0 club (3)]
  1034 | D:2      | Reached XP level 3. HP: 1/21 MP: 3/3
  1036 | D:2      | Reached skill level 5 in Ranged Weapons
  1120 | D:2      | Reached skill level 3 in Fighting
  1137 | D:2      | 1137 ||| READING scroll labelled EXAAHE PIMIA.
  1150 | D:2      | Reached XP level 4. HP: 28/28 MP: 4/4
  1479 | D:2      | 1479 ||| UPGRADING to +0 ring mail.
  1489 | D:2      | 1489 ||| DROPPING +0 leather armour.
  1490 | D:2      | 1490 ||| UPGRADING to +4 ring of protection.
  1491 | D:2      | 1491 ||| UPGRADING to +5 ring of evasion.
  1492 | D:2      | 1492 ||| READING scroll labelled MYRIUS WICYVVIUNA.
  1493 | D:2      | 1493 ||| READING scroll labelled VUERASENWI.
  1494 | D:2      | 1494 ||| READING scroll labelled ZUW FAXOCOSYHA.
  1658 | D:3      | Noticed Terence
  1667 | D:3      | Killed Terence
  1668 | D:3      | Reached skill level 1 in Armour
  1668 | D:3      | Reached XP level 5. HP: 22/32 MP: 5/5
  1787 | D:3      | Noticed Ijyb
  1816 | D:3      | HP: 8/32 [Ijyb/+6 club (4)]
  1820 | D:3      | HP: 1/32 [Ijyb/+6 club (5)]
  1833 | D:3      | Slain by Ijyb

Levels and vault maps discovered:
D:1:      minmay_arrival_cross, layout_loops_corners,
          hellmonk_ecumenical_altar_blasted
D:2:      cheibrodos_pilgrimage, layout_basic
D:3:      layout_basic, serial_shops, shop, uniq_ijyb, uniq_terence

Skill      XL: |  1  2  3  4 |
---------------+-------------+-----
Ranged Weapons | 5 |  5.8
Fighting       | 3 |  3.1
Armour         | 1 |  1.6
Dodging        | |  1.5
Stealth        | |  1.1

Action                     |  1- 3 |  4- 6 || total
---------------------------+-------+-------++-------
   Fire: Shortbow          |    75 |    95 ||   170
    Use: Scroll            |     1 |     3 ||     4
 Armour: Leather armour    |    30 |     4 ||    34
         Ring mail         |       |    34 ||    34
  Dodge: Dodged            |    31 |    46 ||    77

Table legend:
 A = Non-vault XP
 B = Vault XP
 C = Vault XP percentage of total XP
 D = Non-vault monster count
 E = Vault monster count
 F = Vault count percentage of total count
                 A         B        C        D         E       F
            +---------+---------+-------+---------+---------+-------
      Total |      95 |     130 |  57.8 |      40 |       8 |  16.7
            +---------+---------+-------+---------+---------+-------
        D:1 |      18 |       0 |   0.0 |      12 |       0 |   0.0
        D:2 |      28 |      98 |  77.8 |      15 |       7 |  31.8
        D:3 |      49 |      32 |  39.5 |      13 |       1 |   7.1
            +---------+---------+-------+---------+---------+-------
